[Event "Titled Tuesday Blitz March 08 Late 2022"]
[White "Gracia Alvarez, Gerardo Antonio"]
[Black "Antonova, Nadezhda"]
[WhiteFideId "5109124"]
[BlackFideId "14700182"]
[WhiteElo "2139"]
[BlackElo "1751"]
[Result "0-1"]
[Round "05"]
[TimeControl "180+1"]
[Date "2022.03.09"]
[WhiteClock "0:00:03"]
[BlackClock "0:00:13"]

1. e4 c5 2. Nc3 Nc6 3. Bb5 Nd4 4. Nf3 Nxb5 5. Nxb5 a6 6. Nc3 d6 7. d4 cxd4 8. Qxd4 Nf6 9. Bg5 e6 10. O-O-O Be7 11. e5 dxe5 12. Qxe5 Bd7 13. Rd2 Qc8 14. Qg3 O-O 15. Ne5 Bc6 16. Bh6 Ne8 17. Rhd1 Bf6 18. Bf4 g6 19. h4 Ng7 20. Ng4 Be7 21. Bd6 Bxd6 22. Nf6+ Kh8 23. Qxd6 Nf5 24. Qf4 Kg7 25. Nce4 Bxe4 26. Nxe4 Qb8 27. Qg5 h6 28. Qg4 Qc7 29. h5 Rad8 30. hxg6 fxg6 31. Qe2 Rxd2 32. Qxd2 Rf7 33. g4 Ne7 34. Qd4+ Kf8 35. Qh8+ Ng8 36. Kb1 b5 37. a3 a5 38. Rd3 b4 39. axb4 axb4 40. Rd4 b3 41. cxb3 Rd7 42. Rc4 Qf4 43. Rc8+ Ke7 44. Qxg8 Qxe4+ 45. Ka2 Ra7# 0-1


[Site "https://www.chess.com"]

[Event "Titled Tuesday Blitz March 08 Late 2022"]
[White "Griffith, Kyron"]
[Black "Hambleton, Aman"]
[WhiteFideId "2046318"]
[BlackFideId "2606577"]
[WhiteElo "2232"]
[BlackElo "2552"]
[Result "0-1"]
[Round "05"]
[TimeControl "180+1"]
[Date "2022.03.08"]
[WhiteClock "0:00:03"]
[BlackClock "0:00:05"]

1. e4 e6 2. d4 d5 3. Nc3 Bb4 4. exd5 exd5 5. Bd3 Nc6 6. Nf3 Nge7 7. O-O Bf5 8. Ne2 Bd6 9. h3 O-O 10. c3 Qd7 11. Bf4 Bxd3 12. Qxd3 Ng6 13. Bxd6 Qxd6 14. Rfe1 Rfe8 15. Ng3 Nf4 16. Qf5 g6 17. Qg5 Ne6 18. Qg4 Ng7 19. Qh4 f6 20. Qh6 Ne7 21. Nh4 c6 22. Re3 Qd7 23. Rae1 Rad8 24. Kf1 Nc8 25. Nf3 Rxe3 26. Qxe3 Nd6 27. Qe7 Ndf5 28. Qxd7 Rxd7 29. Nxf5 Nxf5 30. Re8+ Kf7 31. Ra8 a6 32. b3 Nd6 33. Nd2 Re7 34. Rd8 Nb5 35. Nb1 h5 36. a4 Nc7 37. Nd2 Ne6 38. Rb8 Nf4 39. g3 Nxh3 40. f4 g5 41. fxg5 fxg5 42. Rh8 Kg6 43. Rg8+ Kf5 44. Nf3 Kg4 45. Ne5+ Kxg3 46. c4 g4 47. Rh8 h4 48. Rxh4 Kxh4 49. Ng6+ Kg5 50. Nxe7 Nf4 51. Kf2 Kf6 52. Kg3 Kxe7 53. Kxf4 dxc4 54. bxc4 b5 55. cxb5 cxb5 56. axb5 a5 57. Kxg4 a4 58. b6 Kd7 59. d5 a3 60. b7 Kc7 61. Kf5 a2 62. d6+ Kxb7 63. Ke6 a1=Q 0-1


[Site "https://www.chess.com"]

[Event "Titled Tuesday Blitz March 08 Late 2022"]
[White "Gulecyuz, Deniz"]
[Black "Nayem, Haque"]
[WhiteFideId "30921341"]
[BlackFideId "10217754"]
[WhiteElo "1923"]
[BlackElo "1982"]
[Result "0-1"]
[Round "05"]
[TimeControl "180+1"]
[Date "2022.03.09"]
[WhiteClock "0:00:03"]
[BlackClock "0:01:26"]

1. Nf3 Nf6 2. g3 d5 3. Bg2 Bf5 4. O-O e6 5. c4 h6 6. Nc3 c6 7. d4 Nbd7 8. Re1 Be7 9. Qb3 Qb6 10. Bd2 dxc4 11. Qxc4 Qxb2 12. e4 Nb6 13. Qd3 Bh7 14. a3 Qb3 15. Bf1 c5 16. Reb1 c4 17. Qe3 Nfd5 18. Nxd5 Qxb1 19. Rxb1 exd5 20. Re1 dxe4 21. Ne5 Nd5 22. Qe2 b5 23. Bg2 f5 24. Qh5+ g6 25. Nxg6 Nf6 26. Qxf5 Kf7 27. Bxe4 Rae8 28. Bd5+ Kg7 29. Bxh6+ Kxh6 30. Bf7 Kg7 31. Qg5 Ne4 32. Qg4 Nf6 33. Qh5 Kxf7 34. Qh6 Bf8 35. Qf4 Rxe1+ 36. Kg2 Bxg6 37. Qc7+ Be7 38. Qxa7 Be4+ 39. f3 Re2+ 40. Kf1 Bd3 41. Kg1 Rhxh2 0-1


[Site "https://www.chess.com"]

[Event "Titled Tuesday Blitz March 08 Late 2022"]
[White "Hamitevici, Vladimir"]
[Black "Kamsky, Gata"]
[WhiteFideId "13902393"]
[BlackFideId "2000024"]
[WhiteElo "2359"]
[BlackElo "2645"]
[Result "0-1"]
[Round "05"]
[TimeControl "180+1"]
[Date "2022.03.08"]
[WhiteClock "0:00:24"]
[BlackClock "0:01:40"]

1. Nf3 Nf6 2. b3 d5 3. Bb2 c5 4. c4 d4 5. b4 Nc6 6. b5 Na5 7. d3 g6 8. g3 Bg7 9. Bg2 O-O 10. O-O Re8 11. Re1 e5 12. Ng5 e4 13. Nd2 e3 14. fxe3 Ng4 15. Nxf7 Kxf7 16. Bd5+ Be6 17. exd4 Bxd5 18. cxd5 Ne3 19. Qa4 Qxd5 20. Rf1+ Kg8 21. Ne4 Nxf1 22. Rxf1 Bxd4+ 23. Bxd4 Qxd4+ 0-1


[Site "https://www.chess.com"]

[Event "Titled Tuesday Blitz March 08 Late 2022"]
[White "Hartikainen, Jarmo"]
[Black "Galego, Luis"]
[WhiteFideId "503134"]
[BlackFideId "1900072"]
[WhiteElo "2110"]
[BlackElo "2516"]
[Result "0-1"]
[Round "05"]
[TimeControl "180+1"]
[Date "2022.03.09"]
[WhiteClock "0:00:30"]
[BlackClock "0:01:45"]

1. e4 e5 2. Nf3 Nf6 3. d4 Nxe4 4. Bd3 d5 5. Nxe5 Bd6 6. Nd2 Nxd2 7. Bxd2 O-O 8. Qh5 g6 9. Qh6 Nd7 10. f4 Re8 11. O-O-O Bf8 12. Qg5 Qxg5 13. fxg5 Nxe5 14. dxe5 Rxe5 15. h4 Bg4 16. Rde1 Rae8 17. Rxe5 Rxe5 18. Bf4 Re7 19. Kd2 Bg7 20. c3 Be5 21. Be3 b6 22. b4 Kg7 23. a4 Bxc3+ 24. Kxc3 Rxe3 25. Kd4 Rg3 26. Rg1 c5+ 27. bxc5 bxc5+ 28. Kxc5 Rxd3 29. h5 gxh5 0-1


[Site "https://www.chess.com"]

[Event "Titled Tuesday Blitz March 08 Late 2022"]
[White "Hnydiuk, Aleksander"]
[Black "Holt, Conrad"]
[WhiteFideId "1109057"]
[BlackFideId "2034387"]
[WhiteElo "2374"]
[BlackElo "2586"]
[Result "0-1"]
[Round "05"]
[TimeControl "180+1"]
[Date "2022.03.08"]
[WhiteClock "0:00:11"]
[BlackClock "0:01:15"]

1. Nf3 d5 2. d4 Nf6 3. c4 c6 4. cxd5 cxd5 5. Nc3 Nc6 6. Bf4 Nh5 7. Bd2 e6 8. e3 Nf6 9. Bd3 Bd6 10. O-O O-O 11. Rc1 e5 12. dxe5 Nxe5 13. Be2 Re8 14. Nb5 Bb8 15. Nxe5 Bxe5 16. Bc3 a6 17. Bxe5 Rxe5 18. Nd4 h5 19. Qc2 Bg4 20. Qc7 Re7 21. Qxd8+ Rxd8 22. Bxg4 hxg4 23. Rc2 g6 24. Rfc1 Kg7 25. Rc7 Rdd7 26. Rxd7 Rxd7 27. Rc8 Ne4 28. Kf1 Nd6 29. Rc5 Nc4 30. b3 Nd2+ 31. Ke2 Ne4 32. Rc8 Kf6 33. f3 gxf3+ 34. gxf3 Nd6 35. Rc5 Ne8 36. Kd3 Nc7 37. a4 Ke5 38. Rc1 Kd6 39. h4 Rd8 40. h5 gxh5 41. Nf5+ Kd7 42. Rg1 Rh8 43. Rg7 Ke6 44. Nd4+ Kf6 45. Rg2 Ne6 46. Ne2 h4 47. Nf4 Nxf4+ 48. exf4 h3 0-1


[Site "https://www.chess.com"]

[Event "Titled Tuesday Blitz March 08 Late 2022"]
[White "Hollan, Martin"]
[Black "Koellner, Ruben Gideon"]
[WhiteFideId "360937"]
[BlackFideId "12993093"]
[WhiteElo "2468"]
[BlackElo "2417"]
[Result "0-1"]
[Round "05"]
[TimeControl "180+1"]
[Date "2022.03.08"]
[WhiteClock "0:00:01"]
[BlackClock "0:01:12"]

1. c4 e6 2. Nf3 d5 3. g3 Nf6 4. Bg2 dxc4 5. O-O Nbd7 6. Na3 Bxa3 7. bxa3 O-O 8. a4 a5 9. Ba3 Re8 10. Qc2 Nb6 11. Ne5 Qd4 12. Bb2 Qc5 13. d3 Nfd7 14. Nxc4 Nxc4 15. dxc4 Nb6 16. Rac1 e5 17. Qb3 Qb4 18. Ba3 Qxa4 19. Bc5 Qxb3 20. axb3 a4 21. b4 Nd7 22. Be3 c6 23. b5 e4 24. bxc6 bxc6 25. Ra1 f5 26. Ra3 Ne5 27. Rfa1 Nxc4 28. Rxa4 Rxa4 29. Rxa4 Nxe3 30. fxe3 Be6 31. g4 g6 32. gxf5 gxf5 33. Ra6 c5 34. Rc6 c4 35. Bh3 Kf7 36. Kf2 Rc8 37. Rxc8 Bxc8 38. Ke1 Kf6 39. Kd2 Be6 40. Kc3 Ke5 41. Kb4 h6 42. Kc3 Bf7 43. Kb4 f4 44. exf4+ Kxf4 45. Kc3 Ke3 46. Bg4 h5 47. Bf5 Bd5 48. h4 Bf7 49. Kb4 Kd4 50. e3+ Kxe3 51. Kc3 Kf4 52. Bd7 e3 53. Bc6 Kg3 54. Bf3 Kxf3 0-1


[Site "https://www.chess.com"]

[Event "Titled Tuesday Blitz March 08 Late 2022"]
[White "Indjic, Aleksandar"]
[Black "Thavandiran, Shiyam"]
[WhiteFideId "911925"]
[BlackFideId "2605058"]
[WhiteElo "2616"]
[BlackElo "2357"]
[Result "1-0"]
[Round "05"]
[TimeControl "180+1"]
[Date "2022.03.08"]
[WhiteClock "0:01:34"]
[BlackClock "0:00:05"]

1. d4 e6 2. Nf3 Nf6 3. Bg5 h6 4. Bh4 d6 5. e3 g5 6. Bg3 Nh5 7. Nbd2 Bg7 8. c3 b6 9. a4 a6 10. Nc4 Bb7 11. Nfd2 Nxg3 12. hxg3 Nd7 13. e4 d5 14. exd5 Bxd5 15. Ne3 Bb7 16. Ndc4 Qe7 17. Be2 O-O-O 18. Bf3 c6 19. b4 Nf6 20. b5 Qc7 21. bxa6 Bxa6 22. Qb3 Nd7 23. O-O f5 24. a5 b5 25. Nb6+ Nxb6 26. axb6 Qxb6 27. Qxe6+ Kc7 28. Nxf5 Bf8 29. Qe5+ Bd6 30. Nxd6 Rxd6 31. Qxh8 1-0


[Site "https://www.chess.com"]

[Event "Titled Tuesday Blitz March 08 Late 2022"]
[White "Ishbaev, Alibek"]
[Black "Silva, Miguel Antonio Neto"]
[WhiteFideId "14205017"]
[BlackFideId "1911929"]
[WhiteElo "2337"]
[BlackElo "2204"]
[Result "1-0"]
[Round "05"]
[TimeControl "180+1"]
[Date "2022.03.09"]
[WhiteClock "0:00:14"]
[BlackClock "0:00:21"]

1. c4 c5 2. Nc3 Nc6 3. g3 g6 4. Bg2 Bg7 5. e4 d6 6. Nge2 Nf6 7. O-O O-O 8. d3 Bd7 9. h3 a6 10. Be3 e5 11. Qd2 Rb8 12. f4 Nd4 13. Rf2 b5 14. Raf1 b4 15. Nd1 Nh5 16. fxe5 Nxe2+ 17. Rxe2 Nxg3 18. exd6 Nxe2+ 19. Qxe2 Rc8 20. Bf4 Re8 21. Ne3 Be6 22. e5 Qd7 23. Kh2 h6 24. Ng4 Bxg4 25. Qxg4 Qxg4 26. hxg4 Rcd8 27. Bd5 Bxe5 28. Bxf7+ Kxf7 29. Bxe5+ Ke6 30. Bg3 g5 31. Rf5 Rf8 32. Rxc5 Rf3 33. Re5+ Kd7 34. Re7+ Kc6 35. Rc7+ Kb6 36. Kg2 Rxg3+ 37. Kxg3 Rxd6 38. c5+ Kxc7 39. cxd6+ Kxd6 40. Kf3 Kd5 41. Ke3 a5 42. b3 Ke5 43. d4+ Kd5 44. Kd3 Kd6 45. Ke4 Ke6 46. d5+ Kd6 47. Kd4 Ke7 48. Ke5 Kd7 49. Kf5 Kd6 50. Kg6 Kxd5 51. Kxh6 Kd4 52. Kxg5 Kc3 53. Kf4 Kb2 54. g5 Kxa2 55. g6 Kxb3 56. g7 Ka3 57. g8=Q b3 58. Qf8+ Ka2 59. Qc5 a4 60. Qc4 a3 61. Ke3 Kb2 62. Qd4+ Kc2 63. Qd2+ Kb1 64. Kd3 b2 65. Qc2+ Ka1 66. Qc3 a2 67. Qe5 1-0


[Site "https://www.chess.com"]

[Event "Titled Tuesday Blitz March 08 Late 2022"]
[White "Jakubowska, Anna"]
[Black "Moksh Amit Doshi"]
[WhiteFideId "1121952"]
[BlackFideId "25064967"]
[WhiteElo "1924"]
[BlackElo "2245"]
[Result "0-1"]
[Round "05"]
[TimeControl "180+1"]
[Date "2022.03.08"]
[WhiteClock "0:00:17"]
[BlackClock "0:00:40"]

1. e4 c5 2. Nc3 d6 3. g3 g6 4. Bg2 Bg7 5. d3 Nc6 6. Nh3 Nf6 7. O-O O-O 8. f4 Rb8 9. f5 b5 10. g4 b4 11. Nb1 a5 12. g5 Nd7 13. Nd2 a4 14. Rb1 Nde5 15. Nf3 Nxf3+ 16. Qxf3 Nd4 17. Qf2 gxf5 18. Be3 fxe4 19. dxe4 Be6 20. b3 axb3 21. cxb3 Qd7 22. Nf4 Bg4 23. h3 e5 24. Nd5 Bxh3 25. Nf6+ Bxf6 26. gxf6 Qg4 27. Kh2 Bxg2 28. Qxg2 Qxg2+ 29. Kxg2 Ne6 30. Kh3 Kh8 31. Rbd1 Rbd8 32. Bh6 Rg8 33. Rd2 Rg6 34. Be3 h6 35. Kh2 Kh7 36. Rf5 Rdg8 37. Rxd6 Rg2+ 38. Kh1 R2g3 39. Bg1 Rxg1+ 40. Kh2 R8g2+ 41. Kh3 Nf4+ 0-1


[Site "https://www.chess.com"]

[Event "Titled Tuesday Blitz March 08 Late 2022"]
[White "Kaganskiy, Gleb"]
[Black "Manukyan, Sargis A."]
[WhiteFideId "4132025"]
[BlackFideId "13303970"]
[WhiteElo "2165"]
[BlackElo "2187"]
[Result "0-1"]
[Round "05"]
[TimeControl "180+1"]
[Date "2022.03.09"]
[WhiteClock "0:00:02"]
[BlackClock "0:00:04"]

1. e4 c5 2. Nf3 d6 3. Bb5+ Bd7 4. Bxd7+ Qxd7 5. c4 Nc6 6. d4 cxd4 7. Nxd4 Nf6 8. Nc3 g6 9. b3 Bg7 10. Bb2 O-O 11. O-O a6 12. Nxc6 Qxc6 13. Nd5 Nxd5 14. exd5 Qd7 15. Bxg7 Kxg7 16. Qd4+ f6 17. a4 b5 18. cxb5 axb5 19. a5 Rfc8 20. h4 Qc7 21. Rfe1 Qa7 22. Qe4 Rc7 23. b4 Rf8 24. Rac1 Rfc8 25. Rc6 e5 26. Rxd6 Rc2 27. Qe3 Qxe3 28. Rxe3 Rb2 29. Rf3 f5 30. Re6 e4 31. Rf4 Rxb4 32. g4 fxg4 33. Re7+ Kh6 34. Rexe4 Rb1+ 35. Kg2 Ra1 36. Rxg4 Rxa5 37. Rd4 Ra7 38. d6 Rd7 39. Rg5 Rb8 40. Rb4 Rxd6 41. Rgxb5 Rf8 42. Rg5 Rd2 43. Kg3 Rfxf2 44. Rc5 Rg2+ 45. Kh3 Rge2 46. Rc3 Rh2+ 47. Kg3 Rdg2+ 48. Kf3 Rg1 49. Rbb3 Rxh4 50. Kf2 Rg5 51. Rh3 Rxh3 52. Rxh3+ Rh5 53. Rg3 Rg5 54. Rh3+ Kg7 55. Rc3 h5 56. Rc7+ Kh6 57. Rc6 h4 58. Rc4 Kh5 59. Rb4 Rg4 60. Rb1 g5 61. Rh1 Ra4 62. Kf3 g4+ 63. Kf2 h3 64. Rb1 Ra2+ 65. Kg3 Ra3+ 66. Kh2 Kh4 67. Rb4 Ra2+ 68. Kh1 Ra3 69. Kh2 Rc3 70. Ra4 Rd3 71. Rb4 Rd2+ 72. Kh1 Re2 73. Ra4 Kg3 74. Ra3+ Kf2 75. Ra4 g3 0-1


[Site "https://www.chess.com"]

[Event "Titled Tuesday Blitz March 08 Late 2022"]
[White "Karttunen, Mika"]
[Black "Song, Michael"]
[WhiteFideId "502081"]
[BlackFideId "2613190"]
[WhiteElo "2343"]
[BlackElo "2274"]
[Result "1-0"]
[Round "05"]
[TimeControl "180+1"]
[Date "2022.03.09"]
[WhiteClock "0:00:16"]
[BlackClock "0:00:47"]

1. c4 e5 2. Nc3 Nf6 3. g3 d5 4. cxd5 Nxd5 5. Bg2 Nb6 6. d3 Nc6 7. Nf3 Be7 8. O-O O-O 9. a3 a5 10. Be3 Be6 11. Ne4 Nd5 12. Bc5 f6 13. Rc1 b6 14. Bxe7 Ncxe7 15. d4 exd4 16. Nxd4 Bf7 17. Nb5 h6 18. Nxc7 Nxc7 19. Qxd8 Raxd8 20. Rxc7 Nd5 21. Rc6 f5 22. Nd6 Ne7 23. Rxb6 Rb8 24. Rb7 Rxb7 25. Nxb7 Rb8 26. Rd1 Kh7 27. Rd8 Rxd8 28. Nxd8 Bc4 29. Nb7 a4 30. e3 Kg6 31. Nc5 Bb5 32. f4 Kf6 33. Kf2 Nc8 34. e4 fxe4 35. Nxe4+ Ke7 36. Nc3 Bd7 37. Ke3 Nd6 38. Kd4 Nf5+ 39. Kc5 Ne3 40. Nd5+ 1-0


[Site "https://www.chess.com"]

[Event "Titled Tuesday Blitz March 08 Late 2022"]
[White "Khabinets, Ivan"]
[Black "Butti, Enrique"]
[WhiteFideId "14115980"]
[BlackFideId "3700470"]
[WhiteElo "2114"]
[BlackElo "2080"]
[Result "1-0"]
[Round "05"]
[TimeControl "180+1"]
[Date "2022.03.09"]
[WhiteClock "0:00:54"]
[BlackClock "0:01:03"]

1. Nf3 c5 2. c4 Nf6 3. g3 b6 4. Bg2 Bb7 5. O-O e6 6. Nc3 Be7 7. Re1 d5 8. cxd5 exd5 9. d4 Nbd7 10. Bf4 O-O 11. Rc1 a6 12. Ne5 Re8 13. dxc5 Nxc5 14. Nd3 Nce4 15. Be5 Rc8 16. Bd4 Bc5 17. Nf4 Ng4 18. Nxe4 dxe4 19. Bxc5 bxc5 20. h3 Nf6 21. e3 Qb6 22. Qc2 c4 23. Red1 h6 24. Qc3 g5 25. Ne2 Nd5 26. Qd4 Qxd4 27. Rxd4 Nb4 28. Rcxc4 Rxc4 29. Rxc4 Nd3 30. Nd4 Nxb2 31. Rb4 1-0


[Site "https://www.chess.com"]

[Event "Titled Tuesday Blitz March 08 Late 2022"]
[White "Kim, Sergey"]
[Black "Maksimovic, Bojan"]
[WhiteFideId "13700570"]
[BlackFideId "14408120"]
[WhiteElo "2552"]
[BlackElo "2448"]
[Result "0-1"]
[Round "05"]
[TimeControl "180+1"]
[Date "2022.03.08"]
[WhiteClock "0:01:01"]
[BlackClock "0:00:03"]

1. d4 d5 2. c4 e5 3. e3 exd4 4. exd4 Nf6 5. Nf3 Be7 6. Nc3 O-O 7. h3 Re8 8. Be3 Be6 9. c5 Bf5 10. Be2 c6 11. O-O Nbd7 12. b4 Ne4 13. Rc1 Ndf6 14. Nd2 Nxd2 15. Qxd2 h6 16. Bd3 Qd7 17. Bxf5 Qxf5 18. Qc2 Qd7 19. a4 a6 20. Rb1 Bd8 21. b5 Ba5 22. bxc6 bxc6 23. Ne2 Ne4 24. Qd3 Reb8 25. f3 Nf6 26. Bf4 Rxb1 27. Rxb1 Ne8 28. Ng3 Bc7 29. Bxc7 Nxc7 30. Qf5 Ne6 31. Qe5 Re8 32. Rb8 Rxb8 33. Qxb8+ Kh7 34. Qe5 Qb7 35. Kh2 Qb4 36. Nf5 Qd2 37. Ne7 Qxd4 38. Qf5+ Kh8 39. Qxf7 Qf4+ 40. Qxf4 Nxf4 41. Nxc6 Ne6 42. Nb4 Nxc5 43. Nxd5 Nxa4 44. Kg3 Nc5 45. Kf4 Kg8 46. Ke5 Kf7 47. Kd4 Ne6+ 48. Ke5 Nc5 49. Kd4 Nd7 50. f4 a5 51. Nc3 Ke6 52. g4 Nf6 53. Na4 Nd7 54. Ke4 Kd6 55. Kd4 Kc6 56. Kc4 Nb6+ 57. Nxb6 Kxb6 58. h4 Kc6 59. g5 h5 60. f5 Kd6 61. f6 gxf6 62. g6 Ke6 63. g7 Kf7 0-1


[Site "https://www.chess.com"]

[Event "Titled Tuesday Blitz March 08 Late 2022"]
[White "Kopczynski, Michal"]
[Black "McNeill, Gordon"]
[WhiteFideId "1124200"]
[BlackFideId "30920760"]
[WhiteElo "2235"]
[BlackElo "2265"]
[Result "1-0"]
[Round "05"]
[TimeControl "180+1"]
[Date "2022.03.09"]
[WhiteClock "0:00:45"]
[BlackClock "0:00:18"]

1. e4 e6 2. d4 d5 3. Nc3 Nf6 4. e5 Nfd7 5. f4 c5 6. dxc5 Bxc5 7. Nf3 Nc6 8. Bd3 h6 9. Qe2 O-O 10. Bd2 a6 11. O-O-O b5 12. f5 Nd4 13. Nxd4 Bxd4 14. f6 Bxe5 15. fxg7 Bxg7 16. Kb1 Ne5 17. Bxh6 Bxh6 18. Qxe5 Bg7 19. Qg3 b4 20. Ne2 Qf6 21. Nd4 Qe5 22. Qh4 f5 23. Be2 a5 24. Rhe1 Qf6 25. Qg3 f4 26. Qf3 Bb7 27. c3 bxc3 28. Qxc3 e5 29. Nf3 d4 30. Qb3+ Qf7 31. Bc4 1-0


[Site "https://www.chess.com"]

[Event "Titled Tuesday Blitz March 08 Late 2022"]
[White "Kosakowski, Jakub"]
[Black "Dounis, Alexandros"]
[WhiteFideId "1185080"]
[BlackFideId "4213238"]
[WhiteElo "2476"]
[BlackElo "2204"]
[Result "1-0"]
[Round "05"]
[TimeControl "180+1"]
[Date "2022.03.08"]
[WhiteClock "0:00:04"]
[BlackClock "0:00:01"]

1. d4 Nf6 2. c4 g6 3. Nf3 Bg7 4. g3 O-O 5. Bg2 d5 6. cxd5 Nxd5 7. O-O Nc6 8. Nc3 e5 9. Nxd5 e4 10. Ne5 Qxd5 11. Nxc6 Qxc6 12. Bf4 Bf5 13. Rc1 Qb6 14. e3 c6 15. b3 h5 16. h3 Rfe8 17. Rc5 Bf8 18. Rxf5 gxf5 19. Qxh5 c5 20. Qxf5 cxd4 21. Bxe4 Qg6 22. Qxg6+ fxg6 23. Bd5+ Kh7 24. exd4 Rad8 25. Bxb7 Rxd4 26. Be3 Rb4 27. Ba6 Re7 28. Bc5 Rf7 29. Bxb4 Bxb4 30. Rc1 Ba5 31. Kg2 Bb6 32. Rc2 g5 33. Bd3+ Kg7 34. g4 Rf4 35. Bf5 Kf6 36. Re2 Kf7 37. Be6+ Kf6 38. Bc4 Kg7 39. f3 Rd4 40. Re7+ Kf6 41. Re6+ Kg7 42. h4 Rd2+ 43. Kh3 gxh4 44. Kxh4 Rxa2 45. Kg5 Ra5+ 46. Kh4 Bf2+ 47. Kh3 Ra1 48. f4 Rg1 49. f5 Bd4 50. Re7+ Kf6 51. Re6+ Kg5 52. Rg6+ Kf4 53. f6 Rg3+ 54. Kh2 Bg1+ 55. Kh1 Bc5 56. f7 Kf3 57. Rf6+ Kxg4 58. f8=Q Rh3+ 59. Kg2 Bxf8 60. Rxf8 Rc3 61. Ra8 Rc2+ 62. Kf1 Kf3 63. Ke1 Ke3 64. Kd1 Ra2 65. Kc1 Kd4 66. Kb1 Ra5 67. Kb2 Kc5 68. Rh8 Kb6 69. Rh6+ Kb7 70. Rh7+ Kb6 71. Kc3 Rg5 72. Kb4 a5+ 73. Ka4 Rg6 74. Re7 Rg1 75. Re6+ Kc5 76. Re5+ Kb6 77. Rb5+ Kc6 78. Rxa5 Rg8 79. Bxg8 1-0


[Site "https://www.chess.com"]

[Event "Titled Tuesday Blitz March 08 Late 2022"]
[White "Kozina, Anastasia"]
[Black "Warakomska, Anna"]
[WhiteFideId "24174017"]
[BlackFideId "1130790"]
[WhiteElo "1993"]
[BlackElo "2062"]
[Result "1-0"]
[Round "05"]
[TimeControl "180+1"]
[Date "2022.03.09"]
[WhiteClock "0:00:17"]
[BlackClock "0:00:10"]

1. e4 c5 2. Nc3 e6 3. g3 d5 4. Bg2 d4 5. Nce2 d3 6. cxd3 Nc6 7. Nf4 Nf6 8. Nf3 Bd6 9. Qe2 Bxf4 10. gxf4 Nb4 11. O-O Qxd3 12. Qe3 Nxe4 13. Ne5 Qxe3 14. fxe3 Nf6 15. d4 cxd4 16. exd4 Nc2 17. Rb1 Nxd4 18. Be3 Nf5 19. Bc5 Nd7 20. Nxd7 Bxd7 21. Bxb7 Rb8 22. Be4 a6 23. b4 Ne7 24. Rfd1 Ba4 25. Rd6 Rd8 26. Rxa6 f6 27. Rxa4 f5 28. Bg2 Nd5 29. Ra7 Ne3 30. Bxe3 O-O 31. b5 Kh8 32. b6 Rd3 33. Bf2 Rdd8 34. b7 Rb8 35. Bd4 Kg8 36. Be5 g6 37. Bxb8 Rxb8 38. Ra8 1-0


[Site "https://www.chess.com"]

[Event "Titled Tuesday Blitz March 08 Late 2022"]
[White "Kuegel, Tobias"]
[Black "Golubka, Petro"]
[WhiteFideId "4636295"]
[BlackFideId "14114224"]
[WhiteElo "2213"]
[BlackElo "2346"]
[Result "1-0"]
[Round "05"]
[TimeControl "180+1"]
[Date "2022.03.09"]
[WhiteClock "0:01:08"]
[BlackClock "0:01:24"]

1. e4 e5 2. Nf3 Nc6 3. Bb5 Nf6 4. O-O d6 5. d4 Bd7 6. Nc3 exd4 7. Nxd4 Nxd4 8. Bxd7+ Qxd7 9. Qxd4 Be7 10. Rd1 Qc6 11. e5 dxe5 12. Qxe5 Kf8 13. Bg5 h6 14. Bh4 Re8 15. Qb5 Qxb5 16. Nxb5 c6 17. Nd6 Bxd6 18. Rxd6 Nd5 19. Rd7 f5 20. f3 g5 21. Bf2 b6 22. Rxa7 c5 23. Rd1 Nf6 24. Rd6 Nh5 25. Rxb6 Rc8 26. Bxc5+ Ke8 27. Re6+ 1-0


[Site "https://www.chess.com"]

[Event "Titled Tuesday Blitz March 08 Late 2022"]
[White "Kushko, Dmitriy"]
[Black "Vifleemskaia, Svetlana"]
[WhiteFideId "14162261"]
[BlackFideId "4129490"]
[WhiteElo "2225"]
[BlackElo "1901"]
[Result "1-0"]
[Round "05"]
[TimeControl "180+1"]
[Date "2022.03.09"]
[WhiteClock "0:00:08"]
[BlackClock "0:00:01"]

1. Nf3 Nf6 2. g3 b5 3. Na3 a6 4. c4 b4 5. Nc2 a5 6. Bg2 Bb7 7. O-O e6 8. d4 d6 9. Nce1 Nbd7 10. Nd3 Be4 11. Nd2 Bxg2 12. Kxg2 c5 13. dxc5 Nxc5 14. Nxc5 dxc5 15. e4 Qc7 16. e5 Qc6+ 17. Kg1 Nd7 18. f4 Be7 19. Qc2 O-O 20. Ne4 Rfd8 21. Be3 a4 22. Rad1 Nb6 23. b3 axb3 24. axb3 h6 25. Qg2 Kf8 26. Nxc5 Qxg2+ 27. Kxg2 Ra2+ 28. Kf3 Rda8 29. Ne4 Nc8 30. Rf2 Rxf2+ 31. Bxf2 Ra3 32. Rd3 Ke8 33. Bc5 f5 34. Nd6+ Bxd6 35. exd6 Kd7 36. Bxb4 Ra2 37. c5 Na7 38. Bc3 Rxh2 39. Bxg7 h5 40. b4 Rc2 41. Bc3 Rc1 42. Ke2 Rb1 43. Kd2 1-0


[Site "https://www.chess.com"]

[Event "Titled Tuesday Blitz March 08 Late 2022"]
[White "Ladan, Nicholas"]
[Black "Antonio, Jorge Carlos"]
[WhiteFideId "30918855"]
[BlackFideId "113190"]
[WhiteElo "2167"]
[BlackElo "2247"]
[Result "0-1"]
[Round "05"]
[TimeControl "180+1"]
[Date "2022.03.09"]
[WhiteClock "0:00:06"]
[BlackClock "0:00:15"]

1. d4 d5 2. Bf4 c6 3. e3 Nf6 4. Nf3 Bg4 5. Qd3 Nbd7 6. Qb3 Qb6 7. Nbd2 Nh5 8. Be5 Bxf3 9. Nxf3 Nhf6 10. Bg3 Ne4 11. Bd3 Nxg3 12. hxg3 h6 13. c3 Nf6 14. Ne5 e6 15. Qc2 Bd6 16. a4 Bxe5 17. dxe5 Ng4 18. a5 Qc7 19. a6 b6 20. f4 Nxe3 21. Qe2 Nf5 22. Bxf5 exf5 23. O-O Qd7 24. Rfe1 Qe6 25. Qd3 Rd8 26. b4 O-O 27. Rad1 Rc8 28. Rd2 g6 29. Red1 b5 30. Qe3 Rc7 31. Qc5 Qe7 32. Qf2 Rfc8 33. Kh2 Qe6 34. Qc5 Kg7 35. Rd4 Qe7 36. Rb1 Qxc5 37. bxc5 Re7 38. Rd2 f6 39. exf6+ Kxf6 40. c4 bxc4 41. Rdb2 c3 42. Rb7 Rcc7 43. Rb8 d4 44. Rc1 Red7 45. Re8 Rd5 46. Re3 dxe3 47. g4 Rxc5 48. g5+ hxg5 49. fxg5+ Kxg5 50. Re1 Kf6 51. Rxe3 c2 52. g4 c1=Q 53. g5+ Kxg5 54. Rg3+ Kf6 55. Kh3 Qh1# 0-1


[Site "https://www.chess.com"]

[Event "Titled Tuesday Blitz March 08 Late 2022"]
[White "Lopez Del Alamo, Antonio"]
[Black "Martin Duque, Jesus"]
[WhiteFideId "2227339"]
[BlackFideId "2208954"]
[WhiteElo "2082"]
[BlackElo "2243"]
[Result "0-1"]
[Round "05"]
[TimeControl "180+1"]
[Date "2022.03.09"]
[WhiteClock "0:00:03"]
[BlackClock "0:00:09"]

1. e4 c5 2. Nf3 b6 3. d4 cxd4 4. Nxd4 Bb7 5. Bd3 Nc6 6. Nb3 g6 7. O-O Bg7 8. Nc3 Nf6 9. f4 O-O 10. e5 Ne8 11. Qe2 Nc7 12. Be3 d6 13. Rad1 Qe8 14. exd6 exd6 15. Rfe1 Nb4 16. Bd4 Nxd3 17. Rxd3 Qxe2 18. Nxe2 Ba6 19. Rd2 Bh6 20. g3 Rfe8 21. Kf2 Ne6 22. Bc3 Nc5 23. Nxc5 dxc5 24. Ng1 Rxe1 25. Kxe1 Re8+ 26. Kf2 Bf8 27. Nf3 b5 28. Be5 Bb7 29. Rd7 Bc6 30. Rc7 Bxf3 31. Kxf3 c4 32. Rxa7 h5 33. a4 bxa4 34. Rxa4 Rc8 35. Ke4 Kh7 36. Kd5 Rc5+ 37. Kd4 Rb5 38. Kxc4 Rc5+ 39. Kd3 Rd5+ 40. Ke2 g5 41. c4 Rd8 42. fxg5 Re8 43. Ra5 Bg7 44. Ra7 Rxe5+ 45. Kd3 Kg6 46. b4 Rxg5 47. b5 Rf5 48. b6 Rf3+ 49. Ke2 Rb3 50. c5 Bd4 51. Rc7 Rb5 52. b7 Be5 53. Rc6+ Kf5 54. Rb6 Rxb6 55. cxb6 Ke4 56. Kf2 f5 57. Kg2 Bb8 58. h4 Ke3 59. Kh3 Kf3 0-1


[Site "https://www.chess.com"]